 Dungeon Crawl Stone Soup version 0.28.0 (webtiles) character file.

Game seed: 1365363934128181968

525 asishallab the Shield-Bearer (level 7, -1/57 HPs)
             Began as a Purple Draconian Fighter on Feb 9, 2022.
             Slain by nogo's ghost (2 damage)
             ... on level 4 of the Dungeon.
             The game lasted 00:08:49 (3694 turns).

asishallab the Shield-Bearer (DrFi)                 Turns: 3694, Time: 00:08:50

Health: -1/57      AC:  8    Str: 20    XL:     7   Next: 2%
Magic:  11/11      EV: 16    Int:  9    God:
Gold:   154        SH:  5    Dex: 10    Spells: 12/12 levels left

rFire   . . .      SeeInvis .   a - +0 war axe
rCold   . . .      Faith    .   b - +0 buckler
rNeg    . . .      Spirit   .   (armour unavailable)
rPois   .          Reflect  .   (helmet restricted)
rElec   .          Harm     .   p - +0 cloak
rCorr   .          Rampage  .   e - +0 pair of gloves
Will    +....                   (no boots)
Stlth   +.........              (no amulet)
HPRegen 0.19/turn               i - +4 ring of evasion
MPRegen 0.12/turn               (no ring)

@: mighty, about to teleport, short of breath
A: breathe power, AC +6, unfitting armour, cold-blooded
a: Breathe Dispelling Energy


You were on level 4 of the Dungeon.
You visited 1 branch of the dungeon, and saw 4 of its levels.

You collected 154 gold pieces.

Inventory:

Hand Weapons
 a - a +0 war axe (weapon)
 l - a +0 mace
Armour
 b - a +0 buckler (worn)
 e - a +0 pair of gloves (worn)
 p - a +0 cloak (worn)
Jewellery
 i - a +4 ring of evasion (left hand)
Wands
 n - a wand of iceblast (5)
 o - a wand of flame (16)
Scrolls
 d - 2 scrolls of identify
 f - 2 scrolls of vulnerability
 m - a scroll of teleportation
Potions
 h - a potion of haste {unknown}
 j - a potion of mutation {unknown}


   Skills:
 - Level 3.2 Fighting
 * Level 4.6 Axes
 + Level 3.8 Dodging
 * Level 5.2 Shields
 + Level 3.0 Spellcasting


You had 12 spell levels left.
You didn't know any spells.
Your spell library contained the following spells:

 Spells                   Type           Power      Damage    Failure   Level
 Scorch                   Fire           2%         2d5       50%         2
 Flame Wave               Conj/Fire      1%         2d4       98%         4
 Summon Cactus Giant      Summ           0%         N/A       100%        6


Dungeon Overview and Level Annotations

Branches:
Dungeon (4/15)
 Temple: D:4-7

Altars:
Uskayaw

Annotations:
D:2 Sigmund
D:4 nogo's ghost, novice MfFE


Innate Abilities, Weirdness & Mutations

You can breathe bolts of dispelling energy.
Your rich purple scales are hard. (AC +6)
You cannot fit into any form of body armour.
You are cold-blooded and may be slowed by cold attacks.


Message History

You learn Hexes much quicker.
You learn Evocations quicker.
You can breathe bolts of dispelling energy.
Aiming: Breathe Dispelling Energy (5% risk of failure)
Press: ? - help, Shift-Dir - straight line, f - ufetubus
Aim: an ufetubus (31% to hit)
You breathe a bolt of dispelling energy.
The bolt of dispelling energy hits the ufetubus!
You kill the ufetubus!
You are too injured to fight recklessly!
You are too injured to fight recklessly!
You are too injured to fight recklessly!
You are too injured to fight recklessly!
As you read the scroll labelled GUSTAU IMPUJ, it crumbles to dust.
You assume a fearsome visage.
Nogo's ghost is unaffected.
It was a scroll of fear.
Nogo's ghost closely misses you.
A white imp comes into view.
As you read the scroll labelled KEMEUB HECZI, it crumbles to dust.
You feel strangely unstable.
It was a scroll of teleportation.
You block nogo's ghost's attack. The white imp gestures at you.
The puff of frost hits you but does no damage.
You barely miss nogo's ghost. Nogo's ghost misses you.
The white imp picks up a beetle and eats it.
Nogo's ghost hits you but does no damage.
The white imp hits you.
* * * LOW HITPOINT WARNING * * *
The white imp freezes you.
* * * LOW HITPOINT WARNING * * *
Aiming: Throw Flame
Press: ? - help, Shift-Dir - straight line, f - nogo's ghost
Aim: nogo's ghost, wielding a weapon of protection (56% to hit)
The puff of flame hits nogo's ghost.
Nogo's ghost is lightly damaged.
Nogo's ghost hits you.
* * * LOW HITPOINT WARNING * * *
The white imp completely misses you.
You hit nogo's ghost. You tail-slap nogo's ghost.
Nogo's ghost is moderately damaged.
You hit the white imp. Nogo's ghost hits you.
You die...

..####...#......................#
..###....###......#.....#......##
.........##............#.#....##
......##..#.###.#...^##########
##.....................
#..............©.......
##............###..###.
#........###.##©#### #........#
###..@# ...#.#...#....#W#5.#
#.####>..##...##....# #..#
....#.. 5###.# #.## ....##. ## ..
..# .....# ## #.. ##. .


You could see nogo's ghost and a white imp.

Vanquished Creatures
  A small abomination (D:4)
  An ogre (D:4)
  A scorpion (D:4)
  Jessica (D:2)
  9 adders
  3 gnolls (D:4)
  An ufetubus (D:4)
  An adder skeleton (D:4)
  3 worms (D:3)
  3 dart slugs
  8 ball pythons
  5 endoplasms
  10 giant cockroaches
  9 hobgoblins
  4 jackals
  6 kobolds
  4 quokkas
  9 bats
  2 frilled lizards
  11 goblins
  4 rats
96 creatures vanquished.

Vanquished Creatures (others)
  5 toadstools (D:1)
5 creatures vanquished.

Grand Total: 101 creatures vanquished

Notes
Turn   | Place    | Note
-------+----------+-------------------------------------------
     0 | D:1      | asishallab the Draconian Fighter began the quest for the
                  | Orb.
     0 | D:1      | Reached XP level 1. HP: 19/19 MP: 1/1
   248 | D:1      | Found a faded altar of an unknown god.
   414 | D:1      | Reached XP level 2. HP: 25/26 MP: 2/2
   997 | D:1      | Reached XP level 3. HP: 31/31 MP: 4/4
  1145 | D:1      | Reached skill level 1 in Spellcasting
  1439 | D:2      | Noticed Sigmund
  1904 | D:2      | Reached XP level 4. HP: 38/38 MP: 5/5
  2012 | D:2      | Noticed Jessica
  2018 | D:2      | Killed Jessica
  2150 | D:2      | Reached skill level 4 in Shields
  2651 | D:3      | Reached XP level 5. HP: 45/45 MP: 7/7
  3390 | D:3      | Found a hide-covered altar of Uskayaw.
  3461 | D:4      | Reached XP level 6. HP: 48/51 MP: 8/8
  3668 | D:4      | Found a transporter.
  3676 | D:4      | Noticed a small abomination
  3679 | D:4      | Noticed nogo's ghost (novice MfFE)
  3688 | D:4      | Killed a small abomination
  3689 | D:4      | Reached skill level 5 in Shields
  3689 | D:4      | Your scales start taking on a rich purple colour.
  3689 | D:4      | Reached XP level 7. HP: 7/57 MP: 11/11
  3693 | D:4      | HP: 1/57 [nogo's ghost (2)]
  3694 | D:4      | Slain by nogo's ghost

Illustrated notes

Levels and vault maps discovered:
D:1:      ldierk_walled_garden, layout_basic, nicolae_ecumenical_snake_handling,
          minmay_misc_feat_encased, minmay_worlds_worst_comb
D:2:      layout_basic, uniq_jessica, uniq_sigmund
D:3:      minmay_diamond_boxcup, layout_basic, nicolae_uskayaw_suspiria
D:4:      layout_cave_pools, grunt_temple_overflow_open,
          gammafunk_ghost_abyssal_escape, serial_bayou_lagoon_a, minivault_14,
          kennysheep_decorative_pillar, grunt_ministairs_1

Skill      XL: |  1  2  3  4  5  6 |
---------------+-------------------+-----
Spellcasting   | 1 3 |  3.0
Dodging        | 3 |  3.8
Axes           | 3 4 |  4.6
Shields        | 4 5 |  5.2
Fighting       | |  3.2

Action                   |  1- 3 |  4- 6 |  7- 9 || total
-------------------------+-------+-------+-------++-------
Melee: War axe           |   105 |   162 |     2 ||   269
       Tailslap          |    15 |    16 |     1 ||    32
 Abil: Breathe Dispellin |       |       |     1 ||     1
Evoke: Wand              |       |       |     1 ||     1
  Use: Scroll            |       |     3 |     2 ||     5
       Potion            |       |     3 |       ||     3
 Stab: Sleeping          |       |     2 |       ||     2
Armor: Skin              |    37 |    42 |     2 ||    81
Dodge: Dodged            |    85 |   162 |     3 ||   250
Block: Buckler           |    23 |    39 |     1 ||    63
